 Dungeon Crawl Stone Soup version 0.23.2-30-g0e89c35649 (webtiles) character file.

Game seed: 1629799773652518956

797 Hanswurst the Cleaver (level 7, -3/59 HPs)
             Began as a Hill Orc Gladiator on June 15, 2019.
             Was a Believer of Wu Jian.
             Killed from afar by Dowan (21 damage)
             ... with a shard of ice
             ... on level 4 of the Dungeon.
             The game lasted 00:24:21 (3821 turns).

Hanswurst the Cleaver (Hill Orc Gladiator)          Turns: 3821, Time: 00:24:21

Health: -3/59      AC:  9    Str: 19    XL:     7   Next: 89%
Magic:  7/7        EV: 12    Int:  8    God:    Wu Jian [**....]
Gold:   130        SH:  0    Dex: 12    Spells: 6/6 levels left

rFire    . . .     SeeInvis .   a - +0 war axe
rCold    . . .     Gourm    .   (no shield)
rNeg     . . .     Faith    .   s - +0 ring mail {MR+}
rPois    .         Spirit   .   c - +0 helmet
rElec    .         Reflect  .   n - +0 cloak
rCorr    .         Harm     .   y - +0 pair of gloves
MR       +....                  (no boots)
Stlth    +.........             (no amulet)
HPRegen  0.19/turn              (no ring)
MPRegen  0.10/turn              (no ring)

@: about to teleport
A: no striking features
a: Wall Jump, Renounce Religion


You were on level 4 of the Dungeon.
You worshipped Wu Jian.
Wu Jian was pleased with you.
You were hungry.

You visited 1 branch of the dungeon, and saw 5 of its levels.

You collected 130 gold pieces.

Inventory:

Hand Weapons
 a - a +0 war axe (weapon)
 r - a +3 spear
 x - a +0 hand axe
 C - a +0 flail of crushing
Missiles
 d - 3 throwing nets
 o - 8 tomahawks (quivered)
Armour
 c - a +0 helmet (worn)
 l - a +0 scale mail
 n - a +0 cloak (worn)
 s - a +0 ring mail of magic resistance (worn)
 y - a +0 pair of gloves (worn)
 A - a +0 ring mail of cold resistance
Wands
 B - a wand of disintegration (10)
Scrolls
 g - 4 scrolls of remove curse {unknown}
 h - a scroll of teleportation
 j - 2 scrolls of enchant armour {unknown}
 k - 3 scrolls of identify
 p - 2 scrolls of fog {unknown}
 q - a scroll of immolation {unknown}
 u - a scroll of random uselessness {unknown}
 v - 5 scrolls of enchant weapon {unknown}
Potions
 b - 2 potions of curing {unknown}
 e - a potion of lignification {unknown}
 m - a potion of cancellation {unknown}
 t - a potion of brilliance {unknown}
 z - a potion of degeneration {unknown}
Comestibles
 f - 9 rations


   Skills:
 + Level 4.0 Fighting
 + Level 9.0 Axes
 + Level 2.4 Throwing
 + Level 3.2 Armour
 + Level 3.5 Dodging
 + Level 1.1 Stealth


You had 6 spell levels left.
You didn't know any spells.
Your spell library was empty.

Dungeon Overview and Level Annotations

Branches:
Dungeon (5/15)
 Temple: D:4-7

Altars:
Fedhas
Nemelex Xobeh
Qazlal
Ru
Wu Jian
Xom
Beogh

Shops:
D:4 (

Annotations:
D:3 3 runed translucent doors, CheeseeCupcake's ghost, amateur KoHu
D:4 Dowan
D:5 Pikel


Message History

Dowan points at you and mumbles some strange words.
The stone arrow hits you!
* * * LOW HITPOINT WARNING * * *
There is a stone staircase leading down here.
You can't go up here!
Dowan hits you but does no damage.
You climb downwards. 4 slaves and Pikel come into view.
Pikel is wielding a +2 whip of flaming.
Pikel shouts!
The slave shouts! x4; You hear an angry hiss.
Found 22 arrows, a leather armour and 9 stones.
There is a stone staircase leading up here.
The slave barely misses you.
You climb upwards.
Level annotation: Dowan
There is a stone staircase leading down here.
As you read the scroll of teleportation, it crumbles to dust.
You feel strangely unstable. Dowan casts a spell at you.
The shard of ice hits you!!
You die...

#.......#.........#...e.#..
#########....#.#.##.##.##..
##.###.##.##e##.#.#
##.#...#..#..#..#.#
#..#..###.##.##.##.
##......#..#..#..#.
##e#...#.##.##.##.
#..#...##.##.##.#.
#@p>#..#.....#....
#...##.##########.
##.####..# #.# #.
#####...###.#####
#.....#..##..#
#.............
#.....#....#..
####.##....#.. #..........


You could see a slave and Dowan.

Vanquished Creatures
  Sigmund (D:4)
  Duvessa (D:4)
  A centaur (D:4)
  A water moccasin skeleton (D:4)
  A howler monkey (D:4)
  A hound (D:4)
  A gnoll shaman (D:4)
  2 orc priests (D:3)
  A centaur skeleton (D:3)
  Terence (D:2)
  A worker ant (D:4)
  4 gnolls
  6 adders
  2 oozes
  An adder skeleton (D:4)
  4 worms
  A dart slug (D:1)
  3 leopard geckos
  9 orcs
  4 giant cockroaches
  8 goblins
  5 hobgoblins
  5 jackals (D:4)
  2 quokkas (D:4)
  2 ball pythons
  4 bats
  6 frilled lizards
  3 kobolds (D:1)
  8 rats
  A fungus (D:2)
90 creatures vanquished.

Notes
Turn   | Place    | Note
-------+----------+-------------------------------------------
     0 | D:1      | Hanswurst the Hill Orc Gladiator began the quest for the
                  | Orb.
     0 | D:1      | Reached XP level 1. HP: 18/18 MP: 1/1
    98 | D:1      | Reached XP level 2. HP: 19/25 MP: 2/2
   569 | D:1      | Reached XP level 3. HP: 27/30 MP: 3/3
   789 | D:2      | Found an ornate altar of the Wu Jian Council.
   797 | D:2      | Became a worshipper of the Wu Jian Council
   818 | D:2      | Noticed Terence
   836 | D:2      | Killed Terence
   836 | D:2      | Reached skill level 5 in Axes
   850 | D:2      | Reached XP level 4. HP: 31/37 MP: 4/4
  1227 | D:2      | Found a blossoming altar of Fedhas.
  1233 | D:2      | Found a stormy altar of Qazlal.
  1332 | D:2      | Found a sparkling altar of Nemelex Xobeh.
  1370 | D:2      | Reached skill level 1 in Armour
  1467 | D:2      | Found a faded altar of an unknown god.
  1840 | D:3      | Reached XP level 5. HP: 43/44 MP: 5/5
  1882 | D:3      | Reached * piety under Wu Jian
  1951 | D:3      | Found a shimmering altar of Xom.
  2054 | D:3      | Reached skill level 6 in Axes
  2231 | D:3      | Found a runed translucent gate.
  2231 | D:3      | Found a runed translucent gate.
  2232 | D:3      | Found a runed translucent gate.
  2232 | D:3      | Noticed CheeseeCupcake's ghost (amateur KoHu)
  2235 | D:3      | Found a roughly hewn altar of Beogh.
  2235 | D:3      | Identified the +1 chain mail "Nushrodgh" {rCorr MP+9}
  2451 | D:4      | Found Zaum Enax's Antique Weapon Boutique.
  2523 | D:4      | Reached skill level 7 in Axes
  2523 | D:4      | Reached XP level 6. HP: 41/51 MP: 6/6
  2532 | D:4      | Noticed Duvessa
  2547 | D:4      | Noticed Dowan
  2841 | D:4      | Reached XP level 7. HP: 51/57 MP: 7/7
  2957 | D:4      | Found a sacrificial altar of Ru.
  2966 | D:4      | Noticed Sigmund
  2975 | D:4      | Killed Sigmund
  2975 | D:4      | Reached skill level 8 in Axes
  3274 | D:4      | Killed Duvessa
  3274 | D:4      | Reached skill level 9 in Axes
  3315 | D:3      | Reached ** piety under Wu Jian
  3315 | D:3      | Reached skill level 1 in Stealth
  3816 | D:5      | Entered Level 5 of the Dungeon
  3816 | D:5      | Noticed Pikel
  3821 | D:4      | Killed from afar by Dowan

Skill      XL: |  1  2  3  4  5  6  7 |
---------------+----------------------+-----
Axes           | 5 7 9 |  9.0
Dodging        | 3 |  3.5
Armour         | 1 2 3 |  3.2
Fighting       | 3 4 |  4.0
Throwing       | 2 |  2.4
Stealth        | 1 |  1.1

Action                   |  1- 3 |  4- 6 |  7- 9 || total
-------------------------+-------+-------+-------++-------
Melee: War axe           |    71 |   162 |    81 ||   314
Throw: Tomahawk          |     4 |    13 |       ||    17
Invok: Lunge             |       |    13 |     5 ||    18
       Whirlwind         |       |    13 |     8 ||    21
  Use: Scroll            |       |       |     3 ||     3
 Stab: Distracted        |       |       |     1 ||     1
  Eat: Chunk             |       |     6 |     3 ||     9
Armor: Leather armour    |    20 |       |       ||    20
       Scale mail        |     7 |    14 |       ||    21
       Ring mail         |       |    47 |    30 ||    77
Dodge: Dodged            |    53 |   102 |    49 ||   204
